 Dungeon Crawl Stone Soup version 0.23.0 (webtiles) character file.

Game seed: 11728855469890539143

347 Yuikono the Gusty (level 6, -3/32 HPs)
             Began as a Tengu Air Elementalist on Feb 12, 2019.
             Slain by Sigmund
             ... wielding a +0 scythe
              (4 damage)
             ... on level 2 of the Dungeon.
             The game lasted 00:12:35 (4290 turns).

Yuikono the Gusty (Tengu Air Elementalist)          Turns: 4290, Time: 00:12:36

Health: -3/32      AC:  3    Str:  9      XL:     6   Next: 59%
Magic:  5/13       EV: 15    Int: 17      God:
Gold:   132        SH:  0    Dex: 17 (19) Spells: 3/13 levels left

rFire    . . .     SeeInvis .   g - +1 dagger
rCold    . . .     Gourm    .   (no shield)
rNeg     . . .     Faith    .   a - +0 robe
rPois    .         Spirit   .   (helmet restricted)
rElec    .         Reflect  .   (no cloak)
rCorr    .         Harm     .   r - +0 pair of gloves
MR       .....                  (boots unavailable)
Stlth    +++.......             (no amulet)
HPRegen  0.10/turn              k - ring of stealth
MPRegen  0.13/turn              j - +5 ring of dexterity

@: flying quickly and evasively, very slightly contaminated, quick
A: beak, talons 3, able to fly
a: Stop Flying


You were on level 2 of the Dungeon.
You were not hungry.

You visited 1 branch of the dungeon, and saw 4 of its levels.

You collected 132 gold pieces.

Inventory:

Hand Weapons
 g - a +1 dagger (weapon)
 u - a +0 blowgun
Missiles
 b - 77 stones (quivered)
 e - 20 bolts
 h - 26 arrows
 i - 25 sling bullets
 q - 5 curare-tipped needles
Armour
 a - a +0 robe (worn)
 r - a +0 pair of gloves (worn)
Jewellery
 j - a +5 ring of dexterity (right hand)
 k - a ring of stealth (left hand)
Scrolls
 n - 2 scrolls of identify
 o - 2 scrolls of remove curse
 s - a scroll of immolation {unknown}
 t - a scroll of amnesia {unknown}
Potions
 f - a potion of degeneration {unknown}
 l - a potion of flight {unknown}
 m - 2 potions of might {unknown}
 v - a potion of heal wounds {unknown}
Comestibles
 c - 8 rations


   Skills:
 - Level 2.1 Dodging
 - Level 2.0 Stealth
 + Level 4.0 Spellcasting
 + Level 4.9 Conjurations
 + Level 6.3 Air Magic


You had 3 spell levels left.
You knew the following spells:

 Your Spells              Type           Power        Failure   Level  Hunger
a - Shock                 Conj/Air       ###.         1%          1    None
b - Swiftness             Chrm/Air       ##......     7%          2    ##.....
c - Static Discharge      Conj/Air       ###.....     4%          3    ###....
d - Airstrike             Air            ###.......   12%         4    ####...

Your spell library contained the following spells:

 Spells                   Type           Power        Failure   Level  Hunger
 Lightning Bolt           Conj/Air       ###.......   41%         5    ######.


Dungeon Overview and Level Annotations

Branches:
Dungeon (4/15)
 Temple: D:4-7

Altars:

Annotations:
D:2 Sigmund


Innate Abilities, Weirdness & Mutations

You have a beak for a mouth.
You have claws for feet.
You can fly continuously.


Message History

Confirm with . or Enter, or press ? or * to list all spells.
Okay, then.
Casting: Airstrike (safe; 12% risk of failure)
Confirm with . or Enter, or press ? or * to list all spells.
You don't know that spell.
Something hits you!
* * * LOW HITPOINT WARNING * * *
Unknown command.
Casting: Airstrike (safe; 12% risk of failure)
Confirm with . or Enter, or press ? or * to list all spells.
Aiming: Airstrike (safe; 12% risk of failure)
Press: ? - help, Dir - move target cursor The air twists around and strikes something!
Casting: Airstrike (safe; 12% risk of failure)
Confirm with . or Enter, or press ? or * to list all spells.
Aiming: Airstrike (safe; 12% risk of failure)
Press: ? - help, Dir - move target cursor The air twists around and strikes something!
Something hits you.
You die...

#..#.#....###.###.#
'......##.# #.# #.#
#..##..##.###.# #.#
##............# #.#
##.#..###.#######.#
##................#
###.#.###.######..#
#.......#.....{.#
####......#.####@##
..........#.# #.#
####......#.# #.# #
#.####.#@# #.# #
#..###.#.# #.# #
##.......# #.#
#####.###.### #.#
......###.# #.#
.####..##.# #.#


There were no monsters in sight!

Vanquished Creatures
  A scorpion (D:3)
  The ghost of doot the Poker, a weakling MfGl (D:3)
  2 quasits (D:3)
  A howler monkey skeleton (D:2)
  8 adders
  2 oozes
  2 dart slugs
  8 leopard geckos
  5 giant cockroaches
  11 goblins
  6 hobgoblins
  15 jackals
  9 kobolds
  A quokka (D:2)
  3 ball pythons
  8 bats
  6 frilled lizards
  4 rats
93 creatures vanquished.

Vanquished Creatures (others)
  A plant (D:3)
1 creature vanquished.

Grand Total: 94 creatures vanquished

Notes
Turn   | Place    | Note
-------+----------+-------------------------------------------
     0 | D:1      | Yuikono the Tengu Air Elementalist began the quest for the
                  | Orb.
     0 | D:1      | Reached XP level 1. HP: 10/10 MP: 4/4
   158 | D:1      | Reached XP level 2. HP: 15/15 MP: 3/6
   162 | D:1      | Learned a level 2 spell: Swiftness
   566 | D:1      | Reached XP level 3. HP: 18/19 MP: 1/7
  1406 | D:2      | Noticed Sigmund
  1524 | D:2      | Reached XP level 4. HP: 24/24 MP: 9/9
  1612 | D:2      | Reached skill level 5 in Air Magic
  2331 | D:1      | Learned a level 3 spell: Static Discharge
  2684 | D:2      | Gained mutation: You can fly continuously. [Tengu growth]
  2684 | D:2      | Reached XP level 5. HP: 27/28 MP: 10/10
  2690 | D:2      | Learned a level 4 spell: Airstrike
  3175 | D:3      | Found a transporter.
  3176 | D:3      | Noticed doot's ghost (weakling MfGl)
  3275 | D:3      | Found a transporter.
  3978 | D:4      | Noticed an ogre
  3982 | D:3      | Reached XP level 6. HP: 30/32 MP: 10/12
  4010 | D:3      | Reached skill level 6 in Air Magic
  4011 | D:3      | Killed doot's ghost
  4288 | D:2      | HP: 1/32 [something (8)]
  4290 | D:2      | Slain by Sigmund

Skill      XL: |  1  2  3  4  5  6 |
---------------+-------------------+-----
Conjurations   | 2 3 4 |  4.9
Air Magic      | 5 6 |  6.3
Spellcasting   | 3 4 |  4.0
Dodging        | |  2.1
Stealth        | |  2.0

Action                   |  1- 3 |  4- 6 || total
-------------------------+-------+-------++-------
Melee: Unarmed           |     3 |       ||     3
       Peck              |     4 |    12 ||    16
       Dagger            |    13 |    69 ||    82
       Kick              |     9 |    17 ||    26
       Mace              |    38 |    24 ||    62
Throw: Stone             |       |     1 ||     1
 Cast: Shock             |    39 |    51 ||    90
       Airstrike         |       |     4 ||     4
 Abil: Fly               |       |     1 ||     1
  Use: Scroll            |     1 |     3 ||     4
       Potion            |       |     2 ||     2
 Stab: Sleeping          |     4 |    14 ||    18
  Eat: Chunk             |     2 |     8 ||    10
       Ration            |       |     1 ||     1
Armor: Robe              |    28 |    15 ||    43
Dodge: Dodged            |    84 |    90 ||   174
